 Dungeon Crawl Stone Soup version 0.26-a0-658-gbdda728c12 (webtiles) character file.

Game seed: 6603622058301001256

293 Decritt the Skirmisher (level 6, -7/56 HPs)
             Began as a Hill Orc Abyssal Knight on Oct 5, 2020.
             Was a Believer of Lugonu.
             Mangled by Crazy Yiuf
             ... wielding a +3 quarterstaff of chaos
              (18 damage)
             ... on level 2 of the Dungeon.
             The game lasted 00:37:06 (2908 turns).

Decritt the Skirmisher (Hill Orc Abyssal Knight)    Turns: 2908, Time: 00:37:07

Health: -7/56      AC: 12    Str: 17    XL:     6   Next: 33%
Magic:  8/8        EV:  7    Int: 12    God:    Lugonu [**....]
Gold:   221        SH:  0    Dex: 10    Spells: 5/5 levels left

rFire    . . .     SeeInvis .   a - +1 hand axe
rCold    . . .     Faith    .   (no shield)
rNeg     . . .     Spirit   .   l - +0 chain mail
rPois    +         Reflect  .   u - +0 helmet
rElec    .         Harm     .   (no cloak)
rCorr    .         Rampage  .   (no gloves)
MR       .....                  n - +1 pair of boots
Stlth    ..........             f - amulet of regeneration
HPRegen  0.58/turn              q - ring of poison resistance
MPRegen  0.11/turn              (no ring)

@: lethally poisoned (-7 -> -7)
A: no striking features
a: Depart the Abyss, Bend Space, Renounce Religion


You were on level 2 of the Dungeon.
You worshipped Lugonu.
Lugonu was pleased with you.
You visited 1 branch of the dungeon, and saw 4 of its levels.
You visited the Abyss 1 time.

You collected 221 gold pieces.

Inventory:

Hand Weapons
 a - a +1 hand axe (weapon)
 b - a +0 longbow of flaming
Missiles
 e - 4 poisoned darts (quivered)
 s - 53 arrows
Armour
 g - a +0 ring mail of fire resistance
 l - a +0 chain mail (worn)
 n - a +1 pair of boots (worn)
 u - a +0 helmet (worn)
Jewellery
 f - an amulet of regeneration (around neck)
 q - a ring of poison resistance (left hand)
Wands
 o - a wand of acid (3)
 t - a wand of random effects (15)
Scrolls
 c - a scroll of enchant armour {unknown}
 h - 2 scrolls of fog
 j - 4 scrolls of magic mapping
 k - a scroll of immolation
 m - a scroll of remove curse {unknown}
 p - 2 scrolls of enchant weapon
 r - a scroll of identify
Potions
 d - 2 potions of haste
 i - 2 potions of heal wounds {unknown}


   Skills:
 * Level 5.3 Fighting
 * Level 5.0 Axes
 + Level 0.9 Bows
 * Level 4.0 Armour
 - Level 0.7 Dodging
 + Level 3.5 Invocations


You had 5 spell levels left.
You didn't know any spells.
Your spell library was empty.

Dungeon Overview and Level Annotations

Branches:
Dungeon (4/15)
 Temple: D:4-7

Altars:
Ashenzari
Cheibriados
Dithmenos
Elyvilon
Nemelex Xobeh
Trog
Uskayaw
Yredelemnul

Annotations:
D:2 Crazy Yiuf


Message History

You are poisoned.
You feel sick. Crazy Yiuf hits you but does no damage.
You feel sick.
You can move again.
You hit Crazy Yiuf but do no damage.
Crazy Yiuf is lightly wounded.
Crazy Yiuf hits you with a +3 quarterstaff of chaos.
You are electrocuted!
You hit Crazy Yiuf but do no damage.
Crazy Yiuf is lightly wounded.
You feel sick. Crazy Yiuf hits you but does no damage.
Space warps horribly around you!
* * * LOW HITPOINT WARNING * * *
You slash Crazy Yiuf!
Crazy Yiuf is heavily wounded.
Crazy Yiuf yells, "Race meccalolo spinner!"
Crazy Yiuf hits you with a +3 quarterstaff of chaos!
* * * LOW HITPOINT WARNING * * *
You are electrocuted!!
You die...

#....# #.# #....#
#.# #...## #.#
##.## #.# #.##
#.# ##.# #.# #.##
#.# ##.# #.# #@#
#.# #.g.# #.#
#...# #.#
######## #..)#
#)##########
#......# #####
#)).).......
.......#
######...###
.......##########
#......###
................#
########
.#[.##....#######


You could see Crazy Yiuf.

Vanquished Creatures
  Sigmund (D:2)
  Robin (D:2)
  5 adders
  2 worms (D:3)
  3 dart slugs
  5 orcs (D:3)
  4 giant cockroaches
  10 goblins
  6 hobgoblins
  A quokka (D:2)
  3 ball pythons
  6 bats
  3 frilled lizards
  9 kobolds
  9 rats
68 creatures vanquished.

Notes
Turn   | Place    | Note
-------+----------+-------------------------------------------
     0 | Abyss:1  | Decritt the Hill Orc Abyssal Knight began the quest for the
                  | Orb.
     0 | Abyss:1  | Reached XP level 1. HP: 19/19 MP: 2/2
     2 | Abyss:1  | Found a corrupted altar of Lugonu.
   138 | Abyss:1  | Noticed a thrashing horror
   140 | D:1      | Escaped the Abyss
   420 | D:1      | Reached XP level 2. HP: 22/27 MP: 3/3
   448 | D:1      | Reached * piety under Lugonu
   877 | D:2      | Reached XP level 3. HP: 33/33 MP: 5/5
   951 | D:2      | Noticed Sigmund
  1509 | D:3      | Reached XP level 4. HP: 40/40 MP: 6/6
  1580 | D:3      | Found a broken altar of Ashenzari.
  1581 | D:3      | Found a hide-covered altar of Uskayaw.
  1622 | D:3      | Found a white marble altar of Elyvilon.
  1623 | D:3      | Found a shadowy altar of Dithmenos.
  1625 | D:3      | Found a bloodstained altar of Trog.
  1627 | D:3      | Found a snail-covered altar of Cheibriados.
  1628 | D:3      | Found a basalt altar of Yredelemnul.
  2060 | D:3      | Reached ** piety under Lugonu
  2082 | D:3      | Reached XP level 5. HP: 38/47 MP: 7/7
  2475 | D:2      | HP: 2/47 [something (3)]
  2478 | D:2      | Killed Sigmund
  2478 | D:2      | Reached skill level 5 in Fighting
  2478 | D:2      | Reached skill level 5 in Axes
  2478 | D:2      | Reached XP level 6. HP: 4/56 MP: 8/8
  2640 | D:2      | Found a sparkling altar of Nemelex Xobeh.
  2712 | D:2      | Noticed Robin
  2726 | D:2      | Killed Robin
  2766 | D:2      | Found a runed translucent door.
  2767 | D:2      | Noticed Crazy Yiuf
  2901 | D:2      | Paralysed by Crazy Yiuf for 5 turns
  2908 | D:2      | Mangled by Crazy Yiuf

Illustrated notes

Levels and vault maps discovered:
D:1:      sevenhm_arrival_forest_fort_small_1, layout_basic
D:2:      layout_rooms, nicolae_overflow_crystal_walls, uniq_crazy_yiuf_cottage,
          uniq_sigmund, uniq_robin
D:3:      layout_basic, grunt_temple_overflow_open, small_statue_intersection,
          minmay_joined_circles
D:4:      layout_basic, grunt_temple_overflow_order_and_chaos_2,
          nicolae_qazlal_style_of_elements, kennysheep_mini_moat,
          kiku_gazebo_pond_becter, minivault_23

Skill      XL: |  1  2  3  4  5 |
---------------+----------------+-----
Axes           | 3 4 5 |  5.0
Fighting       | 4 5 |  5.3
Armour         | 3 4 |  4.0
Invocations    | 3 |  3.5
Bows           | |  0.9
Dodging        | |  0.7

Action                   |  1- 3 |  4- 6 || total
-------------------------+-------+-------++-------
Melee: Hand axe          |    98 |   162 ||   260
Throw: Dart              |       |     2 ||     2
Invok: Depart the Abyss  |     1 |       ||     1
  Use: Scroll            |     7 |     2 ||     9
       Potion            |     3 |     1 ||     4
Armor: Ring mail         |    48 |    14 ||    62
       Leather armour    |     1 |       ||     1
       Chain mail        |       |    69 ||    69
Dodge: Dodged            |    59 |    44 ||   103

Table legend: (Time is in decaauts)
 A = Elapsed time spent in this place.
 B = Non-inter-level travel time spent in this place.
 C = Inter-level travel time spent in this place.
 D = Time resting spent in this place.
 E = Time spent auto-exploring this place.
 F = Levels seen in this place.
 G = Mean time per level.
                   A        B        C        D        E       F      G
               +--------+--------+--------+--------+--------+-----+--------+
         Total |   2934 |   2824 |    110 |    529 |   1181 |   5 |  586.8 |
       Dungeon |   2794 |   2684 |    110 |    429 |   1181 |   4 |  698.5 |
         Abyss |    140 |    140 |      0 |    100 |      0 |   1 |  140.0 |
               +--------+--------+--------+--------+--------+-----+--------+

Top non-repeatable levels by time:
     D:3: 1301 daAuts
     D:2: 723 daAuts
     D:1: 698 daAuts
 Abyss:1: 140 daAuts
     D:4: 70 daAuts
